 Dungeon Crawl Stone Soup version 0.26.0-10-g1f06aea511 (webtiles) character file.

Game seed: 8797665010799699444

118 funkygono the Conjurer (level 4, -1/33 HPs)
             Began as a Draconian Conjurer on Feb 3, 2021.
             Succumbed to an adder's poison
             ... on level 3 of the Dungeon.
             The game lasted 00:06:03 (2112 turns).

funkygono the Conjurer (Draconian Conjurer)         Turns: 2112, Time: 00:06:04

Health: -1/33      AC:  6    Str:  9    XL:     4   Next: 72%
Magic:  7/8        EV: 12    Int: 19    God:
Gold:   108        SH:  0    Dex: 10    Spells: 3/9 levels left

rFire    . . .     SeeInvis .   g - +0 dagger
rCold    . . .     Faith    .   (no shield)
rNeg     + . .     Spirit   .   (armour unavailable)
rPois    .         Reflect  .   (helmet restricted)
rElec    .         Harm     .   f - +0 cloak
rCorr    .         Rampage  .   (no gloves)
Will     .....                  (no boots)
Stlth    ++........             (no amulet)
HPRegen  0.11/turn              a - ring of positive energy
MPRegen  0.11/turn              (no ring)

@: brilliant, lethally poisoned (-1 -> -17)
A: unfitting armour, cold-blooded, AC +5
a: no special abilities


You were on level 3 of the Dungeon.
You visited 1 branch of the dungeon, and saw 3 of its levels.

You collected 108 gold pieces.

Inventory:

Hand Weapons
 g - a +0 dagger (weapon)
Missiles
 h - 43 stones
Armour
 f - a +0 cloak (worn)
Jewellery
 a - a ring of positive energy (left hand)
Scrolls
 j - 4 scrolls of fog
Potions
 b - 2 potions of haste
 c - 3 potions of lignification


   Skills:
 + Level 0.1 Short Blades
 + Level 2.2 Dodging
 + Level 2.0 Stealth
 * Level 3.0 Spellcasting
 * Level 5.1 Conjurations
 * Level 0.2 Hexes


You had 3 spell levels left.
You knew the following spells:

 Your Spells              Type           Power        Failure   Level
a - Magic Dart            Conj           100%         1%          1
b - Searing Ray           Conj           66%          2%          2
c - Dazzling Flash        Conj/Hex       38%          16%         3

Your spell library contained the following spells:

 Spells                   Type           Power        Failure   Level
 Fulminant Prism          Conj/Hex       9%           45%         4
 Iskenderun's Mystic Bla  Conj/Tloc      19%          45%         4


Dungeon Overview and Level Annotations

Branches:
Dungeon (3/15)

Altars:
Dithmenos
The Shining One


Innate Abilities, Weirdness & Mutations

Your plain brown scales are hard. (AC +5)
You cannot fit into any form of body armour.
You are cold-blooded and may be slowed by cold attacks.


Message History

* * * LOW HITPOINT WARNING * * *
You feel sick. The adder closely misses you.
It was a potion of cancellation.
Your magical effects are unravelling.
You feel magically purged.
You feel yourself speed up.
* * * LOW HITPOINT WARNING * * *
You feel sick. The adder bites you but does no damage. The adder bites you.
* * * LOW HITPOINT WARNING * * *
You feel less attractive to monsters.
It was a potion of brilliance.
You feel clever all of a sudden.
* * * LOW HITPOINT WARNING * * *
You feel sick. The adder bites you.
* * * LOW HITPOINT WARNING * * *
You are more poisoned.
The adder poisons you!
* * * LOW HITPOINT WARNING * * *
You feel sick.
You die...

. ... .... .. ........ ...
....... )). ...... w. #...
#.#####†# ### #.))....##
..# #####...(######.#
##########....S.@..#.##.###
....................<....>#
#........#.........####.#.#
#........#...........)..#
#........#....##..........
.........#....##.#.#######
#..).....#[...##.#...
#........#######.#.##..
##.....#........)#....##


You could see an adder.

Vanquished Creatures
  An orc priest (D:3)
  2 adders (D:2)
  An ooze (D:1)
  A worm (D:3)
  2 leopard geckos
  4 orcs (D:3)
  2 bats (D:1)
  7 goblins
  9 hobgoblins
  3 jackals (D:1)
  8 kobolds
  3 quokkas
  A ball python (D:2)
  2 frilled lizards (D:2)
  6 rats
52 creatures vanquished.

Notes
Turn   | Place    | Note
-------+----------+-------------------------------------------
     0 | D:1      | funkygono the Draconian Conjurer began the quest for the
                  | Orb.
     0 | D:1      | Reached XP level 1. HP: 14/14 MP: 3/3
   204 | D:1      | Reached XP level 2. HP: 20/20 MP: 3/5
   207 | D:1      | Learned a level 2 spell: Searing Ray
  1066 | D:2      | Reached XP level 3. HP: 21/26 MP: 0/6
  1339 | D:2      | Found a glowing golden altar of the Shining One.
  1568 | D:2      | Found a shadowy altar of Dithmenos.
  1757 | D:2      | Reached XP level 4. HP: 33/33 MP: 6/8
  1870 | D:3      | Learned a level 3 spell: Dazzling Flash
  1916 | D:3      | Reached skill level 5 in Conjurations
  2111 | D:3      | HP: 1/33 [poisoned by an adder]
  2112 | D:3      | Succumbed to an adder's poison

Illustrated notes

Levels and vault maps discovered:
D:1:      scummos_arrival_star, layout_basic
D:2:      layout_basic, old_standard_altar, tso_metal_star
D:3:      layout_basic, chequers_ecumenical_altar_island, uniq_robin,
          uniq_natasha

Skill      XL: |  1  2  3  4 |
---------------+-------------+-----
Dodging        | 2 |  2.2
Conjurations   | 5 |  5.1
Stealth        | 2 |  2.0
Spellcasting   | 3 |  3.0
Short Blades   | |  0.1
Hexes          | |  0.2

Action                   |  1- 3 |  4- 6 || total
-------------------------+-------+-------++-------
Melee: Dagger            |    27 |       ||    27
       Unarmed           |     4 |       ||     4
       Tailslap          |     2 |       ||     2
 Cast: Magic Dart        |    60 |    15 ||    75
       Searing Ray       |     5 |     2 ||     7
  Use: Scroll            |     2 |     2 ||     4
       Potion            |       |     3 ||     3
Armor: Skin              |    14 |     4 ||    18
Dodge: Dodged            |    38 |     2 ||    40
